 Dungeon Crawl Stone Soup version 0.27-a0-1245-g940ed4fa31 (webtiles) character file.

Game seed: 5566691798655653767

11352 Snikeer the Frost Mage (level 11, -8/84 HPs)
             Began as a Gnoll Ice Elementalist on June 9, 2021.
             Was a Follower of Ashenzari.
             Killed from afar by Fannar (17 damage)
             ... with a bolt of cold
             ... on level 11 of the Dungeon.
             The game lasted 00:32:27 (17303 turns).

Snikeer the Frost Mage (Gnoll Ice Elementalist)    Turns: 17303, Time: 00:32:28

Health: -8/84      AC: 20    Str:  7    XL:     11   Next: 76%
Magic:  24/24      EV: 14    Int: 18    God:    Ashenzari [*.....]
Gold:   692        SH:  0    Dex: 13    Spells: 2/28 levels left

rFire    . . .     SeeInvis .   b - +0 whip (elec)
rCold    + . .     Faith    .   (no shield)
rNeg     . . .     Spirit   .   D - +3 leather armour {rF+}
rPois    .         Reflect  .   r - +0 helmet
rElec    .         Harm     .   f - scarf of the Chained Adversity {shadows, Elem, Self} (curse)
rCorr    .         Rampage  .   o - +0 pair of gloves
Will     .....                  k - +0 pair of boots
Stlth    +++.......             (no amulet)
HPRegen  0.24/turn              Z - ring of the Ensconced Secrets {Wiz, Wiz+, !d, Comp, Elem} (curse)
MPRegen  0.19/turn              c - ring of ice {rC+, rF-}

@: ice-armoured, hasted, very quick
A: fangs 1, strong nose, distributed training
a: Renounce Religion, Curse Item, Shatter the Chains


You were on level 11 of the Dungeon.
You worshipped Ashenzari.
Ashenzari was aware of your devotion.
You visited 2 branches of the dungeon, and saw 12 of its levels.

You collected 692 gold pieces.

Inventory:

Hand Weapons
 b - a +0 whip of electrocution (weapon)
   (You took it off a kobold on level 1 of the Dungeon)
Missiles
 e - 133 arrows
 p - 60 poisoned darts
 s - 432 stones (quivered)
 v - 27 sling bullets
 x - 4 boomerangs
 A - 2 curare-tipped darts
 C - 21 bolts
 E - 14 javelins
Armour
 f - the cursed scarf of the Chained Adversity (worn) {shadows, Elem, Self}
   (You found it on level 6 of the Dungeon)

   It has a curse which improves the following skills: Elements: Fire Magic, Ice
   Magic, Air Magic and Earth Magic.
   Introspection: Fighting and Spellcasting.
 g - a +0 robe of resistance
   (You took it off Sigmund on level 5 of the Dungeon)
 k - a +0 pair of boots (worn)
   (You found it on level 6 of the Dungeon)
 o - a +0 pair of gloves (worn)
   (You found it on level 3 of the Dungeon)
 r - a +0 helmet (worn)
   (You took it off Robin on level 2 of the Dungeon)
 D - a +3 leather armour of fire resistance (worn)
   (You took it off Eustachio on level 5 of the Dungeon)
Magical Staves
 a - a staff of cold {rC+}
   (You acquired it on level 5 of the Dungeon)
 t - a staff of conjuration {!a}
   (You found it on level 8 of the Dungeon)
 u - a staff of poison {rPois}
   (You found it on level 5 of the Dungeon)
Jewellery
 c - a ring of ice (right hand) {rC+, rF-}
   (You found it on level 4 of the Dungeon)
 F - a ring of positive energy {rN+}
   (You found it on level 11 of the Dungeon)
 Q - a +4 ring of slaying
   (You found it on level 7 of the Dungeon)
 Z - the cursed ring of the Ensconced Secrets (left hand) {Wiz, Wiz+, !d, Comp, Elem}
   (You found it on level 3 of the Dungeon)

   [ring of wizardry]

   It improves your spell success rate.
   It has a curse which improves the following skills: Companions: Summonings
   and Necromancy.
   Elements:  Fire Magic, Ice Magic, Air Magic and Earth Magic.
Wands
 d - a wand of digging (8)
   (You found it on level 7 of the Dungeon)
 h - a wand of acid (11)
   (You took it off Maurice on level 10 of the Dungeon)
 i - a wand of iceblast (7)
   (You found it on level 9 of the Dungeon)
 j - a wand of polymorph (26)
   (You took it off an orc on level 3 of the Dungeon)
 q - a wand of flame (13)
   (You found it on level 7 of the Dungeon)
 y - a wand of mindburst (6)
   (You found it on level 5 of the Dungeon)
Scrolls
 l - 2 scrolls of fog
 n - a scroll of enchant weapon
 O - 2 scrolls of silence
 W - a scroll of holy word {!r}
 X - a scroll of magic mapping {@r4!r}
 Y - 3 scrolls of teleportation {@r3}
Potions
 m - 2 potions of cancellation
 z - a potion of attraction {!q}
 B - 3 potions of brilliance
 G - a potion of ambrosia {!q}
 J - 3 potions of curing {@q1}
 N - a potion of heal wounds {@q2}
 P - a potion of lignification {!q}
 R - a potion of resistance
 T - a potion of berserk rage {!q}
 U - a potion of mutation {!q}
Miscellaneous
 w - a phial of floods
   (You found it on level 11 of the Dungeon)
 I - a piece from Xom's chessboard (14/15)
   (You found it on level 11 of the Dungeon)


   Skills:
 + Level 6.6(7.6) Fighting
 + Level 6.6 Short Blades
 + Level 6.6 Long Blades
 + Level 6.6 Axes
 + Level 6.6 Maces & Flails
 + Level 6.6 Polearms
 + Level 6.6 Staves
 + Level 6.6 Slings
 + Level 6.6 Bows
 + Level 6.6 Crossbows
 + Level 6.6 Throwing
 + Level 6.6 Armour
 + Level 8.1 Dodging
 + Level 7.9 Stealth
 + Level 6.6 Shields
 + Level 6.6 Unarmed Combat
 + Level 8.4(9.4) Spellcasting
 + Level 5.4 Conjurations
 + Level 5.4 Hexes
 + Level 5.4(6.4) Summonings
 + Level 5.4(6.4) Necromancy
 + Level 5.4 Translocations
 + Level 5.4 Transmutations
 + Level 5.4(7.0) Fire Magic
 + Level 9.1(10.6) Ice Magic
 + Level 5.4(7.0) Air Magic
 + Level 5.4(7.0) Earth Magic
 + Level 5.4 Poison Magic
 + Level 7.2 Invocations
 + Level 6.6 Evocations


You had 2 spell levels left.
You knew the following spells:

 Your Spells              Type           Power      Damage    Failure   Level
a - Freeze                Ice            100%       1d11      1%          1
b - Frozen Ramparts       Ice            100%       1d12      1%          3
c - Blink                 Tloc           N/A        N/A       1%          2
d - Summon Ice Beast      Ice/Summ       56%        N/A       1%          4
e - Hailstorm             Conj/Ice       54%        3d12      1%          4
f - Summon Lightning Spi  Summ/Air       32%        N/A       3%          4
g - Metabolic Englaciati  Hex/Ice        27%        N/A       4%          5
A - Ozocubu's Armour      Ice            63%        N/A       1%          3

Your spell library contained the following spells:

 Spells                   Type           Power      Damage    Failure   Level
 Magic Dart               Conj           100%       1d8       1%          1
 Summon Small Mammal      Summ           100%       N/A       1%          1
 Call Imp                 Summ           31%        N/A       1%          2
 Slow                     Hex            28%        N/A       1%          2
 Call Canine Familiar     Summ           31%        N/A       1%          3
 Conjure Flame            Conj/Fire      31%        6-21      1%          3
 Mephitic Cloud           Conj/Pois/Air  30%        N/A       1%          3
 Summon Guardian Golem    Hex/Summ       30%        N/A       1%          3


Dungeon Overview and Level Annotations

Branches:
Dungeon (11/15)            Temple (1/1) D:5            Lair (0/6) D:11
    Orc (0/2) D:9

Altars:
Ashenzari
Cheibriados
Dithmenos
Elyvilon
Fedhas
Gozag
Hepliaklqana
Kikubaaqudgha
Makhleb
Nemelex Xobeh
Okawaru
Qazlal
Ru
Sif Muna
Trog
Uskayaw
Vehumet
Wu Jian
Xom
Yredelemnul
Zin
The Shining One

Shops:
D:1 (

Annotations:
D:11 Fannar


Innate Abilities, Weirdness & Mutations

You have very sharp teeth.
Your uncanny sense of smell can sniff out nearby items.
Your experience applies equally to all skills.


Message History

Press: ? - help, Shift-Dir - straight line, f/p - Fannar
Aim: Fannar, wielding a staff of cold and wearing a +1 robe of cold resistance (lightly wounded, 57% to hit)
The puff of flame hits Fannar but does no damage.
Fannar points at you and mumbles some strange words.
The bolt of cold hits you! You resist.
You take 9 damage, and have 73/84 hp.
Aiming: Throw Flame
Press: ? - help, Shift-Dir - straight line, f/p - Fannar
Aim: Fannar, wielding a staff of cold and wearing a +1 robe of cold resistance (lightly wounded, 57% to hit)
The puff of flame misses Fannar.
Aiming: Throw Flame
Press: ? - help, Shift-Dir - straight line, f/p - Fannar
Aim: Fannar, wielding a staff of cold and wearing a +1 robe of cold resistance (lightly wounded, 57% to hit)
The puff of flame misses Fannar.
Fannar is engulfed in a cloud of scalding steam.
Aiming: Throw Flame
Press: ? - help, Shift-Dir - straight line, f/p - Fannar
Aim: Fannar, wielding a staff of cold and wearing a +1 robe of cold resistance (lightly wounded, 57% to hit)
The puff of flame hits Fannar.
Fannar is engulfed in a cloud of scalding steam.
Casting: Frozen Ramparts (safe; 1% risk of failure)
Confirm with . or Enter, or press ? or * to list all spells.
You feel a strong surge of power! A film of ice covers your body!
You now have 21/24 mp.
You hear the crackle of electricity.
b - a +0 whip of electrocution (weapon)
Fannar glares icily.
Fannar casts a spell.
Fannar drains the heat from the surrounding environment!
You resist.
You take 10 damage, and have 64/84 hp.
You barely miss Fannar. You hit Fannar but do no damage.
Your bite misses Fannar. Fannar casts a spell at you.
The bolt of cold misses you.
You hit Fannar but do no damage. Fannar hits you but does no damage.
Fannar freezes you!
You take 7 damage, and have 57/84 hp.
You miss Fannar. Fannar hits you but does no damage. Fannar freezes you!
You take 6 damage, and have 51/84 hp.
You hit Fannar. Your bite misses Fannar. You hit Fannar but do no damage.
Fannar barely misses you.
You hit Fannar. Fannar casts a spell at you. The bolt of cold misses you.
You hit Fannar. Lightning courses through Fannar! Fannar misses you.
You hit Fannar but do no damage. Lightning courses through Fannar!
You hit Fannar but do no damage. Lightning courses through Fannar!
Fannar points at you and mumbles some strange words.
The bolt of cold hits you!! You resist.
You take 17 damage, and have 34/84 hp.
MASSIVE DAMAGE!!
You closely miss Fannar. Fannar hits you but does no damage.
You miss Fannar. Fannar hits you with a staff of cold. Fannar freezes you.
* * * LOW HITPOINT WARNING * * *
You take 9 damage, and have 25/84 hp.
You miss Fannar. Fannar barely misses you.
You hit Fannar but do no damage. Your bite misses Fannar.
You feel much better.
N - a potion of heal wounds {@q2};
F - a ring of positive energy {rN+} Fannar hits you but does no damage.
Fannar freezes you.
You regained 12 hp, and now have 37/84 hp.
You feel yourself speed up. Fannar barely misses you.
You make a move on Xom's chessboard...
Fannar resists with almost no effort.
Fannar completely misses you.
You hit Fannar but do no damage. Lightning courses through Fannar!
You closely miss Fannar. Fannar closely misses you.
MP restored: 24 You hit Fannar.
You barely miss Fannar. You punch Fannar.
Fannar gestures wildly while chanting.
You barely miss Fannar. You closely miss Fannar.
Fannar points at you and mumbles some strange words.
The bolt of cold hits you! You resist.
You take 8 damage, and have 30/84 hp.
You hit Fannar. You bite Fannar, but do no damage. You barely miss Fannar.
Fannar points at you and mumbles some strange words.
The bolt of cold hits you! You resist.
* * * LOW HITPOINT WARNING * * *
The ice beast barely misses you.
You take 14 damage, and have 16/84 hp.
You hit Fannar but do no damage. You closely miss Fannar.
Your bite misses Fannar. Fannar completely misses you.
The ice beast hits you but does no damage.
You barely miss Fannar. You miss Fannar. Fannar hits you but does no damage.
Fannar freezes you.
* * * LOW HITPOINT WARNING * * *
The ice beast hits you but does no damage.
You take 3 damage, and have 13/84 hp.
You closely miss Fannar. You closely miss Fannar.
Fannar hits you but does no damage. Fannar freezes you.
* * * LOW HITPOINT WARNING * * *
The ice beast barely misses you.
You take 5 damage, and have 9/84 hp.
You miss Fannar. Fannar casts a spell at you. The bolt of cold hits you!
You resist.
You die...

#.......................≈≈≈
#........ .............≈≈≈≈
#.......≈........###...≈≈≈≈
#......≈≈≈.......# #...≈≈≈≈
#.....≈≈≈≈≈......###....≈≈≈
#....≈≈≈≈≈≈≈...............
#.....≈≈≈≈≈................
#......≈≈≈e................
#.......≈Y@................
#..........................
#..........................
##.........................
##........................
##.......................
##......................
##.............≈.......
##...........≈≈≈......


You could see Fannar and an ice beast (summoned).

Vanquished Creatures
  Snorg (D:11)
  2 two-headed ogres
  Pikel (D:5)
  A cyclops (D:9)
  A manticore (D:11)
  Maurice (D:10)
  Maggie (D:9)
  Sigmund (D:5)
  A shadow (D:11)
  4 wyverns
  A water elemental (D:11)
  3 yaks (D:10)
  A wraith (D:11)
  Eustachio (D:5)
  A steam dragon (D:7)
  2 wargs (D:9)
  6 vampire mosquitoes (D:10)
  An acid dragon (D:9)
  4 orc warriors
  3 ice beasts
  4 necrophages
  3 ogres
  2 centaurs
  4 lemures (D:5)
  2 bullfrogs (D:7)
  A jelly (D:4)
  A gnoll sergeant (D:9)
  4 scorpions
  10 killer bees
  8 wights
  5 howler monkeys
  5 electric eels (D:11)
  3 centaur zombies
  4 hounds
  A gnoll shaman (D:8)
  A centaur skeleton (D:3)
  13 orc priests
  4 iguanas
  3 orc wizards
  2 killer bee zombies
  Robin (D:2)
  A howler monkey zombie (D:9)
  17 gnolls
  10 adders
  2 white imps (D:7)
  2 ufetubi
  2 worms (D:2)
  5 dart slugs
  40 orcs
  4 ball pythons
  3 bats
  4 endoplasms
  5 giant cockroaches
  13 goblins
  8 hobgoblins
  5 quokkas
  7 kobolds
  5 rats
251 creatures vanquished.

Vanquished Creatures (collateral kills)
  A manticore (D:11)
  A centaur (D:11)
2 creatures vanquished.

Vanquished Creatures (others)
  4 plants (D:4)
4 creatures vanquished.

Grand Total: 257 creatures vanquished

Notes
Turn   | Place    | Note
-------+----------+-------------------------------------------
     0 | D:1      | Snikeer the Gnoll Ice Elementalist began the quest for the
                  | Orb.
     0 | D:1      | Reached XP level 1. HP: 13/13 MP: 6/6
   291 | D:1      | Reached XP level 2. HP: 11/19 MP: 4/7
   921 | D:1      | Found Jeishec's Weapon Shop.
  1079 | D:1      | Found a faded altar of an unknown god.
  1305 | D:2      | Reached skill level 5 in Spellcasting
  1305 | D:2      | Reached XP level 3. HP: 15/25 MP: 4/9
  1309 | D:2      | Learned a level 3 spell: Frozen Ramparts
  1313 | D:2      | Learned a level 3 spell: Ozocubu's Armour
  1592 | D:2      | Noticed Robin
  1605 | D:2      | Killed Robin
  1606 | D:2      | Reached skill level 1 in Fighting
  1606 | D:2      | Reached skill level 1 in Short Blades
  1606 | D:2      | Reached skill level 1 in Long Blades
  1606 | D:2      | Reached skill level 1 in Axes
  1606 | D:2      | Reached skill level 1 in Maces & Flails
  1606 | D:2      | Reached skill level 1 in Polearms
  1606 | D:2      | Reached skill level 1 in Staves
  1606 | D:2      | Reached skill level 1 in Slings
  1606 | D:2      | Reached skill level 1 in Bows
  1606 | D:2      | Reached skill level 1 in Crossbows
  1606 | D:2      | Reached skill level 1 in Throwing
  1606 | D:2      | Reached skill level 1 in Armour
  1606 | D:2      | Reached skill level 1 in Shields
  1606 | D:2      | Reached skill level 1 in Unarmed Combat
  1606 | D:2      | Reached skill level 1 in Invocations
  1606 | D:2      | Reached skill level 1 in Evocations
  1791 | D:2      | Reached XP level 4. HP: 32/32 MP: 9/11
  1916 | D:2      | Reached skill level 1 in Conjurations
  1916 | D:2      | Reached skill level 1 in Hexes
  1916 | D:2      | Reached skill level 1 in Summonings
  1916 | D:2      | Reached skill level 1 in Necromancy
  1916 | D:2      | Reached skill level 1 in Translocations
  1916 | D:2      | Reached skill level 1 in Transmutations
  1916 | D:2      | Reached skill level 1 in Fire Magic
  1916 | D:2      | Reached skill level 1 in Air Magic
  1916 | D:2      | Reached skill level 1 in Earth Magic
  1916 | D:2      | Reached skill level 1 in Poison Magic
  2693 | D:3      | Reached XP level 5. HP: 25/37 MP: 12/12
  3204 | D:3      | HP: 4/38 [orc priest/nerve-wracking pain (7)]
  3206 | D:3      | Reached skill level 2 in Invocations
  3206 | D:3      | Reached XP level 6. HP: 5/44 MP: 7/13
  4071 | D:3      | Reached skill level 2 in Fighting
  4071 | D:3      | Reached skill level 2 in Short Blades
  4071 | D:3      | Reached skill level 2 in Long Blades
  4071 | D:3      | Reached skill level 2 in Axes
  4071 | D:3      | Reached skill level 2 in Maces & Flails
  4071 | D:3      | Reached skill level 2 in Polearms
  4071 | D:3      | Reached skill level 2 in Staves
  4071 | D:3      | Reached skill level 2 in Slings
  4071 | D:3      | Reached skill level 2 in Bows
  4071 | D:3      | Reached skill level 2 in Crossbows
  4071 | D:3      | Reached skill level 2 in Throwing
  4071 | D:3      | Reached skill level 2 in Armour
  4071 | D:3      | Reached skill level 5 in Dodging
  4071 | D:3      | Reached skill level 2 in Shields
  4071 | D:3      | Reached skill level 2 in Unarmed Combat
  4071 | D:3      | Reached skill level 2 in Evocations
  4734 | D:4      | You fall into a shaft and drop 1 floor!
  4734 | D:5      | Entered Level 5 of the Dungeon
  4889 | D:4      | Reached XP level 7. HP: 30/50 MP: 7/15
  5609 | D:4      | Reached skill level 2 in Conjurations
  5609 | D:4      | Reached skill level 2 in Hexes
  5609 | D:4      | Reached skill level 2 in Summonings
  5609 | D:4      | Reached skill level 2 in Necromancy
  5609 | D:4      | Reached skill level 2 in Translocations
  5609 | D:4      | Reached skill level 2 in Transmutations
  5609 | D:4      | Reached skill level 2 in Fire Magic
  5609 | D:4      | Reached skill level 2 in Air Magic
  5609 | D:4      | Reached skill level 2 in Earth Magic
  5609 | D:4      | Reached skill level 2 in Poison Magic
  6046 | D:4      | Reached skill level 5 in Stealth
  6046 | D:4      | Reached skill level 3 in Invocations
  6416 | D:5      | Found a staircase to the Ecumenical Temple.
  6470 | Temple   | Entered the Ecumenical Temple
  6779 | Temple   | Became a worshipper of Ashenzari the Shackled
  6904 | D:5      | Noticed Sigmund
  7032 | D:5      | Killed Sigmund
  7033 | D:5      | Reached XP level 8. HP: 26/57 MP: 8/16
  7267 | D:5      | Identified a scroll of acquirement
  7276 | D:5      | Acquired a staff of cold
  7318 | D:5      | Reached skill level 3 in Fighting
  7318 | D:5      | Reached skill level 3 in Short Blades
  7318 | D:5      | Reached skill level 3 in Long Blades
  7318 | D:5      | Reached skill level 3 in Axes
  7318 | D:5      | Reached skill level 3 in Maces & Flails
  7318 | D:5      | Reached skill level 3 in Polearms
  7318 | D:5      | Reached skill level 3 in Staves
  7318 | D:5      | Reached skill level 3 in Slings
  7318 | D:5      | Reached skill level 3 in Bows
  7318 | D:5      | Reached skill level 3 in Crossbows
  7318 | D:5      | Reached skill level 3 in Throwing
  7318 | D:5      | Reached skill level 3 in Armour
  7318 | D:5      | Reached skill level 3 in Shields
  7318 | D:5      | Reached skill level 3 in Unarmed Combat
  7318 | D:5      | Reached skill level 3 in Evocations
  7866 | D:5      | Noticed Eustachio
  7889 | D:5      | Killed Eustachio
  7890 | D:5      | Reached skill level 6 in Spellcasting
  8110 | D:5      | Noticed Pikel
  8127 | D:5      | Killed Pikel
  8128 | D:5      | Reached skill level 6 in Dodging
  8128 | D:5      | Reached skill level 3 in Conjurations
  8128 | D:5      | Reached skill level 3 in Hexes
  8128 | D:5      | Reached skill level 3 in Summonings
  8128 | D:5      | Reached skill level 3 in Necromancy
  8128 | D:5      | Reached skill level 3 in Translocations
  8128 | D:5      | Reached skill level 3 in Transmutations
  8128 | D:5      | Reached skill level 3 in Fire Magic
  8128 | D:5      | Reached skill level 3 in Air Magic
  8128 | D:5      | Reached skill level 3 in Earth Magic
  8128 | D:5      | Reached skill level 3 in Poison Magic
  8128 | D:5      | Reached skill level 4 in Invocations
  8128 | D:5      | Reached XP level 9. HP: 43/65 MP: 10/18
  8614 | D:6      | HP: 15/61 [wight/+2 trident (2)]
  8618 | D:6      | HP: 1/60 [wight/+2 trident (8)]
  8903 | D:6      | Reached skill level 4 in Fighting
  8903 | D:6      | Reached skill level 4 in Short Blades
  8903 | D:6      | Reached skill level 4 in Long Blades
  8903 | D:6      | Reached skill level 4 in Axes
  8903 | D:6      | Reached skill level 4 in Maces & Flails
  8903 | D:6      | Reached skill level 4 in Polearms
  8903 | D:6      | Reached skill level 4 in Staves
  8903 | D:6      | Reached skill level 4 in Slings
  8903 | D:6      | Reached skill level 4 in Bows
  8903 | D:6      | Reached skill level 4 in Crossbows
  8903 | D:6      | Reached skill level 4 in Throwing
  8903 | D:6      | Reached skill level 4 in Armour
  8903 | D:6      | Reached skill level 4 in Shields
  8903 | D:6      | Reached skill level 4 in Unarmed Combat
  8903 | D:6      | Reached skill level 4 in Evocations
  9122 | D:6      | Noticed a two-headed ogre
  9136 | D:6      | Killed a two-headed ogre
  9137 | D:6      | Reached skill level 6 in Stealth
  9137 | D:6      | Reached skill level 8 in Ice Magic
  9192 | D:6      | Reached skill level 5 in Invocations
 10138 | D:7      | Reached skill level 7 in Spellcasting
 10353 | D:7      | Reached skill level 4 in Conjurations
 10353 | D:7      | Reached skill level 4 in Hexes
 10353 | D:7      | Reached skill level 4 in Summonings
 10353 | D:7      | Reached skill level 4 in Necromancy
 10353 | D:7      | Reached skill level 4 in Translocations
 10353 | D:7      | Reached skill level 4 in Transmutations
 10353 | D:7      | Reached skill level 4 in Fire Magic
 10353 | D:7      | Reached skill level 4 in Air Magic
 10353 | D:7      | Reached skill level 4 in Earth Magic
 10353 | D:7      | Reached skill level 4 in Poison Magic
 10353 | D:7      | Reached XP level 10. HP: 52/73 MP: 20/20
 10897 | D:7      | Learned a level 2 spell: Blink
 10902 | D:7      | Learned a level 4 spell: Summon Ice Beast
 10907 | D:7      | Learned a level 4 spell: Hailstorm
 10912 | D:7      | Learned a level 4 spell: Summon Lightning Spire
 11115 | D:8      | Reached skill level 5 in Fighting
 11115 | D:8      | Reached skill level 5 in Short Blades
 11115 | D:8      | Reached skill level 5 in Long Blades
 11115 | D:8      | Reached skill level 5 in Axes
 11115 | D:8      | Reached skill level 5 in Maces & Flails
 11115 | D:8      | Reached skill level 5 in Polearms
 11115 | D:8      | Reached skill level 5 in Staves
 11115 | D:8      | Reached skill level 5 in Slings
 11115 | D:8      | Reached skill level 5 in Bows
 11115 | D:8      | Reached skill level 5 in Crossbows
 11115 | D:8      | Reached skill level 5 in Throwing
 11115 | D:8      | Reached skill level 5 in Armour
 11115 | D:8      | Reached skill level 5 in Shields
 11115 | D:8      | Reached skill level 5 in Unarmed Combat
 11115 | D:8      | Reached skill level 5 in Evocations
 11587 | D:8      | Found a shadowy altar of Dithmenos.
 11763 | D:8      | Reached * piety under Ashenzari
 11915 | D:8      | Reached skill level 7 in Dodging
 12627 | D:9      | Noticed a cyclops
 12693 | D:9      | Noticed Maggie
 13008 | D:9      | Found a staircase to the Orcish Mines.
 13400 | D:9      | Killed Maggie
 13401 | D:9      | Reached skill level 7 in Stealth
 13401 | D:9      | Reached skill level 6 in Invocations
 13906 | D:9      | HP: 2/77 [cyclops (22)]
 13907 | D:9      | Killed a cyclops
 14789 | D:10     | Entered Level 10 of the Dungeon
 14868 | D:10     | Reached XP level 11. HP: 83/83 MP: 17/23
 15018 | D:10     | Reached skill level 6 in Fighting
 15018 | D:10     | Reached skill level 6 in Short Blades
 15018 | D:10     | Reached skill level 6 in Long Blades
 15018 | D:10     | Reached skill level 6 in Axes
 15018 | D:10     | Reached skill level 6 in Maces & Flails
 15018 | D:10     | Reached skill level 6 in Polearms
 15018 | D:10     | Reached skill level 6 in Staves
 15018 | D:10     | Reached skill level 6 in Slings
 15018 | D:10     | Reached skill level 6 in Bows
 15018 | D:10     | Reached skill level 6 in Crossbows
 15018 | D:10     | Reached skill level 6 in Throwing
 15018 | D:10     | Reached skill level 6 in Armour
 15018 | D:10     | Reached skill level 6 in Shields
 15018 | D:10     | Reached skill level 6 in Unarmed Combat
 15018 | D:10     | Reached skill level 6 in Evocations
 15024 | D:10     | Reached skill level 5 in Conjurations
 15024 | D:10     | Reached skill level 5 in Hexes
 15024 | D:10     | Reached skill level 5 in Summonings
 15024 | D:10     | Reached skill level 5 in Necromancy
 15024 | D:10     | Reached skill level 5 in Translocations
 15024 | D:10     | Reached skill level 5 in Transmutations
 15024 | D:10     | Reached skill level 5 in Fire Magic
 15024 | D:10     | Reached skill level 5 in Air Magic
 15024 | D:10     | Reached skill level 5 in Earth Magic
 15024 | D:10     | Reached skill level 5 in Poison Magic
 15197 | D:10     | Reached skill level 8 in Spellcasting
 15872 | D:10     | Noticed Maurice
 15879 | D:10     | Learned a level 5 spell: Metabolic Englaciation
 15894 | D:10     | Killed Maurice
 16293 | D:11     | Noticed a manticore
 16295 | D:11     | Noticed Snorg
 16324 | D:11     | Killed Snorg
 16358 | D:11     | Killed a manticore
 16594 | D:11     | Reached skill level 9 in Ice Magic
 16594 | D:11     | Reached skill level 7 in Invocations
 16850 | D:11     | Found a staircase to the Lair.
 16946 | D:11     | Reached skill level 8 in Dodging
 17026 | D:11     | Noticed a two-headed ogre
 17036 | D:11     | Killed a two-headed ogre
 17070 | D:11     | Noticed a manticore
 17082 | D:11     | Killed a manticore
 17199 | D:11     | Noticed Fannar
 17296 | D:11     | HP: 16/84 [Fannar/bolt of cold (14)]
 17302 | D:11     | HP: 9/84 [Fannar/staff of cold (5)]
 17303 | D:11     | Killed from afar by Fannar

Illustrated notes

Levels and vault maps discovered:
D:1:      dpeg_arrival_pond, layout_basic, serial_shops, shop,
          shapermc_ecumenical_altar_mp_highgroup
D:2:      layout_basic, uniq_robin
D:3:      layout_loops_ring, minmay_misc_feat_iff
D:4:      layout_gridville, serial_forest, infiniplex_forest_side_room,
          infiniplex_forest_clump_double, infiniplex_forest_lined_corner,
          infiniplex_forest_end_2, infiniplex_forest_straight_2,
          infiniplex_forest_end_2, infiniplex_forest_diagonal,
          infiniplex_forest_clump_cross, infiniplex_forest_lined_1,
          infiniplex_forest_clump_tiny, chequers_mini_garden, st_stairs_7,
          minmay_misc_feat_doors
D:5:      layout_basic, temple_pool_b, uniq_sigmund, uniq_eustachio, uniq_pikel
D:6:      layout_rooms, amcnicky_mini_pool_small
D:7:      layout_gridville, kennysheep_nondescript
D:8:      wander_river, layout_layer_cave, amcnicky_altar_gilded
D:9:      layout_layer_cave, erik_orc_4, grunt_ministairs_13, uniq_maggie
D:10:     layout_basic, st_stairs_11, uniq_maurice
D:11:     layout_big_octagon, uniq_fannar, uniq_snorg
Temple:   roderic_octagonal_lattice_temple

Skill      XL: |  1  2  3  4  5  6  7  8  9 10 11 |
---------------+----------------------------------+-----
Spellcasting   | 5 6 7 8 |  8.4
Fighting       | 1 2 3 4 5 6 |  6.6
Short Blades   | 1 2 3 4 5 6 |  6.6
Long Blades    | 1 2 3 4 5 6 |  6.6
Axes           | 1 2 3 4 5 6 |  6.6
Maces & Flails | 1 2 3 4 5 6 |  6.6
Polearms       | 1 2 3 4 5 6 |  6.6
Staves         | 1 2 3 4 5 6 |  6.6
Slings         | 1 2 3 4 5 6 |  6.6
Bows           | 1 2 3 4 5 6 |  6.6
Crossbows      | 1 2 3 4 5 6 |  6.6
Throwing       | 1 2 3 4 5 6 |  6.6
Armour         | 1 2 3 4 5 6 |  6.6
Shields        | 1 2 3 4 5 6 |  6.6
Unarmed Combat | 1 2 3 4 5 6 |  6.6
Invocations    | 1 2 3 4 5 6 7 |  7.2
Evocations     | 1 2 3 4 5 6 |  6.6
Conjurations   | 1 2 3 4 5 |  5.4
Hexes          | 1 2 3 4 5 |  5.4
Summonings     | 1 2 3 4 5 |  5.4
Necromancy     | 1 2 3 4 5 |  5.4
Translocations | 1 2 3 4 5 |  5.4
Transmutations | 1 2 3 4 5 |  5.4
Fire Magic     | 1 2 3 4 5 |  5.4
Air Magic      | 1 2 3 4 5 |  5.4
Earth Magic    | 1 2 3 4 5 |  5.4
Poison Magic   | 1 2 3 4 5 |  5.4
Dodging        | 5 6 7 8 |  8.1
Stealth        | 5 6 7 |  7.9
Ice Magic      | 8 9 |  9.1

Action                   |  1- 3 |  4- 6 |  7- 9 | 10-12 || total
-------------------------+-------+-------+-------+-------++-------
Melee: Unarmed           |     2 |     7 |       |       ||     9
       Club              |     7 |       |       |       ||     7
       Dagger            |     9 |       |    19 |       ||    28
       Whip              |    32 |   107 |    79 |    79 ||   297
       Bite              |     5 |     6 |    18 |    25 ||    54
       Staff             |       |       |   139 |   223 ||   362
       Punch             |       |       |     4 |     7 ||    11
Throw: Javelin           |       |       |     1 |       ||     1
       Dart              |       |       |       |    11 ||    11
 Cast: Freeze            |    18 |    28 |    10 |       ||    56
       Frozen Ramparts   |     1 |    10 |    20 |    21 ||    52
       Ozocubu's Armour  |     1 |     3 |    12 |    22 ||    38
       Hailstorm         |       |       |       |    13 ||    13
       Summon Ice Beast  |       |       |       |    11 ||    11
       Metabolic Englaci |       |       |       |     1 ||     1
       Summon Lightning  |       |       |       |     1 ||     1
Invok: Curse Item        |       |       |     1 |     1 ||     2
Evoke: Wand              |       |       |       |    18 ||    18
       Piece from Xom's  |       |       |       |     1 ||     1
  Use: Scroll            |       |       |     1 |       ||     1
       Potion            |       |       |     2 |     3 ||     5
 Stab: Sleeping          |     3 |     3 |     8 |     4 ||    18
       Distracted        |       |     1 |       |     1 ||     2
Armor: Robe              |    11 |    42 |    53 |    82 ||   188
       Leather armour    |       |       |       |    26 ||    26
Dodge: Dodged            |    48 |   110 |   185 |   240 ||   583

Table legend: (Time is in decaauts)
 A = Elapsed time spent in this place.
 B = Non-inter-level travel time spent in this place.
 C = Inter-level travel time spent in this place.
 D = Time resting spent in this place.
 E = Time spent auto-exploring this place.
 F = Levels seen in this place.
 G = Mean time per level.
                   A        B        C        D        E       F      G
               +--------+--------+--------+--------+--------+-----+--------+
         Total |  17289 |  16148 |   1141 |     48 |  13964 |  12 | 1440.8 |
       Dungeon |  16956 |  15846 |   1110 |     48 |  13665 |  11 | 1541.5 |
        Temple |    332 |    301 |     31 |      0 |    299 |   1 |  332.0 |
               +--------+--------+--------+--------+--------+-----+--------+

Top non-repeatable levels by time:
     D:4: 1981 daAuts
     D:3: 1821 daAuts
     D:8: 1808 daAuts
     D:5: 1745 daAuts
     D:9: 1702 daAuts
     D:6: 1541 daAuts
     D:1: 1446 daAuts
    D:10: 1423 daAuts
     D:7: 1347 daAuts
     D:2: 1073 daAuts
    D:11: 1067 daAuts
  Temple: 332 daAuts

Table legend:
 A = Kills in this place as a percentage of kills in entire the game.
 B = Kills by you in this place as a percentage of kills by you in the entire game.
 C = Kills by friends in this place as a percentage of kills by friends in the entire game.
 D = Other kills in this place as a percentage of other kills in the entire game.
 E = Experience gained in this place as a percentage of experience gained in the entire game.
 F = Experience gained in this place divided by the number of levels of this place that you have seen.
                   A       B       C       D       E      F
               +-------+-------+-------+-------+-------+----------------------
         Total | 100.0 | 100.0 | 100.0 |   N/A | 100.0 | 1351.5
       Dungeon | 100.0 | 100.0 | 100.0 |   N/A | 100.0 | 1474.4
               +-------+-------+-------+-------+-------+----------------------
